 Dungeon Crawl Stone Soup version 0.32-a0-132-g2d33c3cfaf (webtiles) character file.

Game seed: 17485222963538569767

86677 hikkokomori the Brawler (level 15, -1/130 HPs)
             Began as a Troll Fighter on Feb 9, 2024.
             Was the Champion of Hepliaklqana.
             Incinerated by a smoke demon (15 damage)
             ... with a pyre arrow
             ... on level 2 of the Orcish Mines.
             The game lasted 00:59:39 (18388 turns).

hikkokomori the Brawler (Troll Fighter)            Turns: 18388, Time: 00:59:40

Health: -1/130     AC: 31    Str: 33    XL:     15   Next: 41%
Magic:  0/18       EV:  8    Int:  4    God:    Hepliaklqana [******]
Gold:   2299       SH: 13    Dex: 15    Spells: 9/14 levels left

rFire   x .          .
                       - Unarmed
rCold   + + .        b - +1 kite shield
rNeg    . . .        s - +9 ice dragon scales
rPois   +            Q - +1 hat of Uskayaw's Respect {Str+5}
rElec   .            I - +2 cloak
rCorr   .            (gloves unavailable)
SInv    .            (boots unavailable)
Will    +....        j - amulet of guardian spirit Stlth
                     N - +4 ring of protection
HPRegen 1.21/turn    u - ring of poison resistance
MPRegen 0.16/turn

%: guardian spirit
@: on fire, glowing, studying Fighting
A: reduced essence, large, unfitting armour, claws 3, regeneration 1, shaggy fur
1, tough skin 1
a: Renounce Religion, Recall Ancestor, Ancestor Identity, Transference, Idealise


You were on level 2 of the Orcish Mines.
You worshipped Hepliaklqana.
Hepliaklqana was exalted by your worship.
You visited 3 branches of the dungeon, and saw 19 of its levels.
You also visited: Sewer, Bailey and Gauntlet.

You collected 3214 gold pieces.
You spent 915 gold pieces at shops.

Inventory:

Missiles
 i - 3 darts of dispersal
 q - 15 curare-tipped darts
 t - 22 boomerangs (quivered)
 v - 25 poisoned darts
 M - a throwing net
 V - 4 atropa-tipped darts
 X - 13 javelins
Armour
 b - a +1 kite shield (worn)
 n - a +0 tower shield
 s - +9 ice dragon scales (worn)
 E - a +0 cloak of stealth
 I - a +2 cloak (worn)
 Q - the +1 hat of Uskayaw's Respect (worn) {Str+5}
   (You acquired it on level 10 of the Dungeon)

   Str+5:     It affects your strength (+5).
Jewellery
 j - an amulet of guardian spirit (around neck)
 k - a ring of protection from fire
 u - a ring of poison resistance (right claw)
 B - a +6 ring of strength
 F - an amulet of reflection
 N - a +4 ring of protection (left claw)
 U - a ring of resist corrosion
 Y - a ring of wizardry
Talismans
 y - a beast talisman
 D - the dragon-blood talisman of Hanuen {rF+ Str+2 Int+2}
   (You found it in a Gauntlet)

   [dragon-blood talisman]

   Str+2:     It affects your strength (+2).
   Int+2:     It affects your intelligence (+2).
   rF+:       It protects you from fire.
Wands
 l - a wand of mindburst (17)
 A - a wand of roots (10)
 G - a wand of paralysis (21)
 H - a wand of digging (10)
 P - a wand of flame (24)
 Z - a wand of acid (5)
Scrolls
 d - a scroll of fog
 h - 6 scrolls of teleportation
 J - a scroll of amnesia
 O - 3 scrolls of fear
 S - 2 scrolls of blinking
 T - 3 scrolls of silence
 W - a scroll of butterflies
Potions
 a - 7 potions of ambrosia
 c - 3 potions of might
 e - 7 potions of mutation
 f - 8 potions of attraction
 g - 3 potions of haste
 m - 2 potions of lignification
 o - 3 potions of brilliance
 p - 3 potions of heal wounds
 r - 5 potions of curing
 w - 2 potions of cancellation
 z - 5 potions of enlightenment
 K - a potion of berserk rage
 L - a potion of magic
 R - a potion of resistance
Miscellaneous
 x - a phantom mirror
 C - a phial of floods


   Skills:
 + Level 8.7 Fighting
 - Level 8.0 Throwing
 + Level 8.3 Armour
 - Level 2.4 Dodging
 - Level 2.0 Stealth
 + Level 10.8 Shields
 - Level 16.0 Unarmed Combat
 - Level 6.0 Invocations
 - Level 6.0 Evocations
 - Level 6.0 Shapeshifting


You had 9 spell levels left.
You knew the following spells:

 Your Spells              Type           Power      Damage    Failure   Level
a - Mephitic Cloud        Conj/Alch/Air  0%         N/A       99%         3
b - Blink                 Tloc           0%         N/A       95%         2

Your spell library contained the following spells:

 Spells                   Type           Power      Damage    Failure   Level
 Apportation              Tloc           0%         N/A       86%         1
 Magic Dart               Conj           0%         1d3       86%         1
 Slow                     Hex            0%         N/A       86%         1
 Call Imp                 Summ           0%         N/A       95%         2
 Lesser Beckoning         Tloc           0%         N/A       95%         2
 Mercury Vapours          Alch/Air       0%         N/A       95%         2
 Momentum Strike          Conj/Tloc      0%         3d8       95%         2
 Static Discharge         Conj/Air       0%         3-3/arc   95%         2
 Sublimation of Blood     Necr           0%         N/A       95%         2
 Confusing Touch          Hex            0%         N/A       99%         3
 Gell's Gravitas          Tloc           0%         N/A       99%         3
 Hailstorm                Conj/Ice       0%         3d5       99%         3
 Sigil of Binding         Hex            0%         N/A       99%         3
 Summon Ice Beast         Ice/Summ       0%         N/A       99%         3
 Teleport Other           Tloc           0%         N/A       99%         3
 Vampiric Draining        Necr           0%         2d6       99%         3
 Volatile Blastmotes      Fire/Tloc      0%         2d10      99%         3
 Airstrike                Air            0%         2d(0-16)  100%        4
 Animate Dead             Necr           0%         N/A       100%        4
 Fulminant Prism          Conj/Alch      0%         3d5       100%        4
 Ignite Poison            Fire/Alch      0%         N/A       100%        4
 Iskenderun's Mystic Bla  Conj/Tloc      0%         2d3       100%        4
 Leda's Liquefaction      Alch/Erth      0%         N/A       100%        4
 Sticky Flame             Fire/Alch      0%         2d4       100%        4
 Summon Lightning Spire   Summ/Air       0%         N/A       100%        4
 Curse of Agony           Necr           0%         N/A       100%        5
 Freezing Cloud           Conj/Ice/Air   0%         6-21      100%        5
 Lee's Rapid Deconstruct  Erth           0%         3d4*      100%        5
 Summon Forest            Summ/Tloc      0%         N/A       100%        5
 Bombard                  Conj/Erth      0%         9d1       100%        6
 Dispersal                Tloc           0%         N/A       100%        6
 Sculpt Simulacrum        Ice/Alch       0%         N/A       100%        6
 Haunt                    Necr/Summ      0%         N/A       100%        7
 Summon Hydra             Summ           0%         N/A       100%        7
 Borgnjor's Revivificati  Necr           0%         N/A       100%        8
 Ignition                 Fire           0%         3d3       100%        8


Dungeon Overview and Level Annotations

Branches:
Dungeon (12/15)            Temple (0/1) D:4            Lair (5/5) D:10
 Shoals (0/4) Lair:2        Snake (0/4) Lair:3        Slime (0/5) Lair:5
    Orc (2/2) D:11            Elf (0/3) Orc:2         Sewer (visited)
 Bailey (visited)         Gauntlet (visited)

Altars:
Ashenzari
Hepliaklqana
Kikubaaqudgha
Okawaru
Ru
Sif Muna
Trog
Uskayaw
Vehumet
Xom
Yredelemnul
Zin
The Shining One

Shops:
D:3 :   D:5 [   D:8 =   D:10 :   Orc:2 :::?*

Annotations:
D:8 1 runed translucent door, Azoth's ghost, novice HuMo


Innate Abilities, Weirdness & Mutations

Your life essence is reduced to manifest your ancestor. (-10% HP)
You are too large for most types of armour.
You have claws for hands.
Your natural rate of healing is unusually fast.
You are covered in fur. (AC +1)
You have tough skin. (AC +1)


Message History

The bolt hits you but does no damage.
The orc knight hits Zayda with a +0 battleaxe!
Items here: )) [ ÷.
Unknown command.
You shake off some of the fire as you move.
The liquid fire burns you!
Zayda hits the orc knight with a +0 dagger of draining.
The smoke demon gestures at you. The ball of steam hits you!!!
The steam scalds you terribly!
* * * LOW HITPOINT WARNING * * *
Zayda closely misses the orc knight.
The orc high priest mumbles some strange prayers to Beogh against you.
Pain shoots through your body!
* * * LOW HITPOINT WARNING * * *
The chaos spawn tail-slaps you but does no damage.
The orc warlord roars a battlecry!
You hear a shout!
Press: ? - help, v - describe, . - travel, g - get item
Here: an orc high priest, wielding a +0 mace (strong)
Items here: ( )))) [[[ ÷÷÷.
The floor, spattered with blood.
You are too confused!
Unknown command.
You feel better.
You are engulfed in a cloud of scalding steam.
The liquid fire burns you!
* * * LOW HITPOINT WARNING * * *
Zayda hits the orc knight with a +0 dagger of draining.
Zayda misses the orc knight.
You block the chaos spawn's attack.
Blink to where?
Press: ? - help, Dir - move target
As you read the scroll of blinking, it crumbles to dust.
The liquid fire burns you!
* * * LOW HITPOINT WARNING * * *
As you read the scroll of fear, it crumbles to dust.
You assume a fearsome visage.
The chaos spawn looks frightened!
The smoke demon looks frightened!
The orc high priest looks frightened!
The liquid fire burns you!
You die...
Hepliaklqana delivers you to your ancestors.

....#4..##..................#
.......##..[................##
......#####......#...........#
.#...()Rß[[.................#
......).)[............###..#
._.#...o§4o...........'∩#.##
......oo.3............###..#
.#..o...ß..§[....[.....##.##
......#####§(...@..<[...#####
....... #.$.§§....[[........#
....#.. ##...§§..............
....## ##§.§§.............. ..
#..####.####....... #..# .....
....... #..#....... ......#
...#.......#.......
........_...........


You could see an orc high priest (strong, fleeing), a smoke demon (summoned,
fleeing) and a chaos spawn (summoned, fleeing).

Vanquished Creatures
  An orc warlord (Orc:1)
  The ghost of Rotan the Covert, a journeyman NaHs of Dithmenos (Lair:4)
  A minotaur (Gauntlet)
  An ice dragon (D:10)
  A catoblepas (Lair:4)
  A boulder beetle (Lair:5)
  3 two-headed ogres
  10 death yaks
  Urug (D:10)
  Sonja (Lair:4)
  A soul eater (Gauntlet)
  4 skysharks
  Lodul (D:9)
  An arcanist (Gauntlet)
  A swamp dragon (Lair:5)
  3 orc sorcerers
  An orc knight (Orc:2)
  A necromancer (Gauntlet)
  2 harpies (Lair:2)
  A cyclops (D:12)
  Maurice (D:7)
  A kobold blastminer (Orc:1)
  12 black mambas
  An ice statue (D:8)
  6 centaur zombies
  5 elephants (Lair:3)
  A gargoyle (D:9)
  2 minotaur zombies (Gauntlet)
  An unseen horror (D:11)
  15 cane toads
  2 unseen horror zombies (D:10)
  6 rime drakes
  14 komodo dragons
  An unseen horror skeleton (D:10)
  A harpy zombie (D:12)
  6 trolls
  2 hydra zombies (D:12)
  3 polar bears
  A queen bee (D:11)
  Grinder (D:5)
  2 hornets (Lair:5)
  6 blink frogs
  7 dream sheep
  2 meliai zombies (D:10)
  A ynoxinul (D:9)
  2 vampires (D:12)
  A shadow (D:7)
  A wraith (D:7)
  13 wyverns
  4 basilisks
  30 yaks
  4 wargs
  2 steam dragons
  A two-headed ogre zombie (D:12)
  2 small abominations (D:12)
  7 swamp worms
  9 vampire mosquitoes
  A naga (Lair:3)
  23 water moccasins
  3 swamp drakes (Lair:5)
  24 orc warriors
  3 sky beasts
  5 black bears
  28 wolves
  2 crocodiles (Sewer)
  8 centaurs
  13 ogres
  2 kobold brigands
  A gnoll sergeant (D:5)
  13 bullfrogs
  4 scorpions
  8 wights
  Dowan (D:6)
  2 spriggan zombies (D:12)
  28 killer bees
  A bombardier beetle (D:6)
  2 electric eels (D:9)
  6 howler monkeys
  4 crimson imps (D:3)
  A human zombie (D:10)
  2 hounds (D:6)
  21 orc priests
  2 sleepcaps
  A gnoll bouda (D:8)
  8 iguanas
  A sickly merfolk siren (Sewer)
  15 orc wizards
  4 hell rats (Lair:1)
  4 killer bee zombies (D:12)
  A malarious merfolk avatar (Sewer)
  9 gnolls
  A howler monkey skeleton (D:10)
  7 adders
  3 river rats
  4 shadow imps (Gauntlet)
  2 ribbon worms (D:2)
  4 dart slugs
  79 orcs
  9 endoplasms
  7 giant cockroaches
  6 goblins
  9 hobgoblins
  5 quokkas
  13 ball pythons
  7 bats
  7 frilled lizards
  8 kobolds
  26 rats
661 creatures vanquished.

Vanquished Creatures (collateral kills)
  Snorg (Lair:4)
  An ice dragon (Lair:5)
  Erolcha (D:9)
  A two-headed ogre (Orc:2)
  An orange crystal statue (D:8)
  An orc knight (Orc:2)
  A wolf spider (Lair:5)
  An orc sorcerer (Orc:2)
  An oklob plant (Lair:2)
  4 elephants (Lair:3)
  A guardian serpent (Lair:5)
  2 black mambas
  Joseph (Lair:1)
  4 cane toads
  A rime drake (D:10)
  An unseen horror (D:12)
  3 komodo dragons
  2 polar bears
  A hornet (Lair:5)
  3 blink frogs
  4 dream sheep (Lair:5)
  A basilisk (Lair:5)
  4 yaks
  A wyvern (Lair:5)
  A warg (Orc:2)
  A redback (Lair:5)
  6 water moccasins
  Duvessa (D:6)
  9 orc warriors
  6 wolves
  An ogre (D:4)
  3 centaurs
  2 kobold brigands (D:8)
  4 bullfrogs
  Blork the orc (Orc:2)
  2 scorpions
  A wight (D:6)
  8 killer bees
  A howler monkey (D:8)
  A hound (D:6)
  2 orc priests
  A gnoll bouda (D:8)
  An iguana (Lair:5)
  4 orc wizards
  4 gnolls
  2 shadow imps
  A ribbon worm (D:5)
  23 orcs
  4 kobolds
  2 frilled lizards (Sewer)
  2 rats (Sewer)
136 creatures vanquished.

Vanquished Creatures (others)
  An electric eel (D:8)
  14 hexers
15 creatures vanquished.

Grand Total: 812 creatures vanquished

Notes
Turn   | Place    | Note
-------+----------+-------------------------------------------
     0 | D:1      | hikkokomori the Troll Fighter began the quest for the Orb.
     0 | D:1      | Reached XP level 1. HP: 22/22 MP: 0/0
   122 | D:1      | Reached XP level 2. HP: 23/29 MP: 1/1
   552 | D:1      | Reached XP level 3. HP: 37/37 MP: 2/2
   944 | D:2      | Reached skill level 3 in Unarmed Combat
  1038 | D:2      | Found a faded altar of an unknown god.
  1381 | D:3      | Found a hazy altar of Hepliaklqana.
  1400 | D:3      | Became a worshipper of Hepliaklqana the Forgotten
  1500 | D:3      | Reached XP level 4. HP: 42/45 MP: 3/3
  1609 | D:3      | Found Vutsar's Book Boutique.
  1849 | D:3      | Found a shimmering altar of Xom.
  1873 | D:3      | Reached skill level 4 in Unarmed Combat
  1873 | D:3      | Reached XP level 5. HP: 41/54 MP: 4/4
  2031 | D:4      | Reached * piety under Hepliaklqana
  2137 | D:4      | Got Sif Muna's Volume of Transposed Rallying
  2296 | D:4      | Reached skill level 5 in Unarmed Combat
  2296 | D:4      | Reached XP level 6. HP: 55/55 MP: 5/5
  2312 | D:4      | Reached skill level 1 in Stealth
  2384 | D:4      | Learned a level 3 spell: Mephitic Cloud
  2464 | D:4      | Learned a level 2 spell: Blink
  2551 | D:4      | Reached ** piety under Hepliaklqana
  2552 | D:4      | Remembered your ancestor Zayda as a hexer
  2584 | D:4      | Reached skill level 1 in Throwing
  2812 | D:4      | Found a staircase to the Ecumenical Temple.
  2956 | D:4      | Noticed a sky beast
  2968 | D:4      | Killed a sky beast
  2969 | D:4      | Reached XP level 7. HP: 55/63 MP: 6/6
  3172 | D:5      | Entered Level 5 of the Dungeon
  3172 | D:5      | Found Tovvuig's Armour Shoppe.
  3238 | D:5      | Reached skill level 6 in Unarmed Combat
  3298 | D:5      | Identified the +1 chain mail "Natutato" {MP+9 Str+3}
  3710 | D:5      | Reached skill level 7 in Unarmed Combat
  3781 | D:5      | Noticed Grinder
  3789 | D:5      | Killed Grinder
  3790 | D:5      | Reached XP level 8. HP: 60/70 MP: 7/7
  3894 | D:5      | Reached *** piety under Hepliaklqana
  3926 | D:5      | Reached skill level 8 in Unarmed Combat
  4243 | D:6      | Reached skill level 1 in Shapeshifting
  4399 | D:6      | Reached skill level 5 in Shields
  4455 | D:6      | Found a broken altar of Ashenzari.
  4569 | D:6      | Found a glowing drain.
  4577 | Sewer    | Entered a sewer
  4657 | Sewer    | Reached XP level 9. HP: 48/75 MP: 8/8
  4994 | D:6      | Identified the +6 spear of the Trees {freeze, ^Fragile
                  | +Blink rPois}
  5108 | D:6      | Found an iron altar of Okawaru.
  5112 | D:6      | Reached skill level 5 in Shapeshifting
  5155 | D:6      | Noticed Duvessa
  5158 | D:6      | Noticed Dowan
  5161 | D:6      | Killed Duvessa
  5397 | D:6      | Killed Dowan
  5566 | D:7      | Reached **** piety under Hepliaklqana
  5711 | D:7      | Found a hide-covered altar of Uskayaw.
  5770 | D:7      | Noticed Maurice
  5778 | D:7      | Maurice stole an amulet of reflection
  5780 | D:7      | Maurice stole the +6 spear of the Trees {freeze, ^Fragile
                  | +Blink rPois}
  5781 | D:7      | Killed Maurice
  5899 | D:7      | Reached skill level 5 in Fighting
  6032 | D:7      | Reached skill level 5 in Throwing
  6032 | D:7      | Reached skill level 1 in Evocations
  6127 | D:7      | Found a glowing silver altar of Zin.
  6188 | D:7      | Reached XP level 10. HP: 71/83 MP: 4/9
  6560 | D:8      | Reached skill level 1 in Armour
  6597 | D:8      | Noticed an ice statue
  6773 | D:8      | Found a glowing golden altar of the Shining One.
  6912 | D:8      | Found Pazxi's Jewellery Emporium.
  6921 | D:8      | Bought a +4 ring of protection for 540 gold pieces
  6954 | D:8      | Noticed an orange crystal statue
  6980 | D:8      | Killed an orange crystal statue
  6981 | D:8      | Reached skill level 9 in Unarmed Combat
  6981 | D:8      | Reached skill level 1 in Invocations
  7069 | D:8      | Found a runed translucent door.
  7072 | D:8      | Noticed Azoth's ghost (novice HuMo)
  7292 | D:8      | Killed an ice statue
  7406 | D:9      | Noticed Erolcha
  7418 | D:9      | Killed Erolcha
  7419 | D:9      | Reached skill level 10 in Unarmed Combat
  7532 | D:9      | Found a flagged portal.
  7592 | Bailey   | Entered a bailey
  7733 | Bailey   | Reached XP level 11. HP: 50/91 MP: 5/12
  7885 | Bailey   | Reached skill level 11 in Unarmed Combat
  8141 | Bailey   | Identified the +8 triple sword "Mataome" {holy, rElec Str+4
                  | Int-3}
  8348 | D:9      | Found a bloodstained altar of Trog.
  8441 | D:9      | Found a radiant altar of Vehumet.
  8453 | D:9      | Reached ***** piety under Hepliaklqana
  8534 | D:9      | Found a shimmering blue altar of Sif Muna.
  8663 | D:10     | Entered Level 10 of the Dungeon
  8664 | D:10     | Acquired the +1 hat of Uskayaw's Respect {Str+5}
  8715 | D:10     | Noticed Urug
  8734 | D:10     | Killed Urug
  8832 | D:10     | Noticed an ice dragon
  8847 | D:10     | Found a basalt altar of Yredelemnul.
  8944 | D:10     | Noticed Lodul
  8999 | D:10     | Reached skill level 12 in Unarmed Combat
  9013 | D:9      | Killed Lodul
  9036 | D:10     | Killed an ice dragon
  9123 | D:8      | Bought a ring of protection from fire for 375 gold pieces
  9234 | D:10     | Paralysed by a wight for 4 turns
  9267 | D:10     | Found a staircase to the Lair.
  9287 | D:10     | Found an ancient bone altar of Kikubaaqudgha.
  9384 | D:10     | Reached XP level 12. HP: 94/99 MP: 13/13
  9430 | D:10     | Got the +8 broad axe of the Thirteen Spirits {freeze, rPois
                  | rC+}
  9515 | D:10     | Found a sacrificial altar of Ru.
  9622 | D:10     | Found Wusiav's Book Shop.
  9844 | D:11     | Noticed a two-headed ogre
  9849 | D:11     | Killed a two-headed ogre
  9901 | D:11     | Found a staircase to the Orcish Mines.
 10651 | Lair:1   | Entered Level 1 of the Lair of Beasts
 10691 | Lair:1   | Reached skill level 5 in Armour
 10954 | Lair:1   | Noticed Joseph
 10967 | Lair:1   | Killed Joseph
 11683 | Lair:2   | Reached XP level 13. HP: 114/114 MP: 14/14
 12087 | Lair:2   | Found a staircase to the Shoals.
 12463 | Lair:3   | Reached skill level 5 in Invocations
 12538 | Lair:3   | Found a gate leading to a gauntlet.
 12559 | Gauntlet | Entered a Gauntlet
 12559 | Gauntlet | Found a transporter.
 12559 | Gauntlet | Found a transporter.
 12570 | Gauntlet | Found a transporter.
 12572 | Gauntlet | Found a large runed translucent door.
 12573 | Gauntlet | Found a large runed translucent door.
 12574 | Gauntlet | Found a large runed translucent door.
 12574 | Gauntlet | Found a large runed translucent door.
 12574 | Gauntlet | Found a runed translucent door.
 12574 | Gauntlet | Found a runed translucent door.
 12575 | Gauntlet | Found a large runed translucent door.
 12626 | Gauntlet | Found a large runed translucent door.
 12627 | Gauntlet | Found a large runed translucent door.
 12627 | Gauntlet | Found a large runed translucent door.
 12628 | Gauntlet | Found a runed translucent gate.
 12628 | Gauntlet | Found a runed translucent gate.
 12628 | Gauntlet | Found a runed translucent gate.
 12630 | Gauntlet | Found a transporter.
 12678 | Gauntlet | Found a transporter.
 12682 | Gauntlet | Found a transporter.
 12687 | Gauntlet | Noticed a balrug
 12698 | Gauntlet | Found a transporter.
 12699 | Gauntlet | Found a transporter.
 12700 | Gauntlet | Found a transporter.
 12729 | Gauntlet | Found a transporter.
 12735 | Gauntlet | Found a transporter.
 12769 | Gauntlet | Found a large runed translucent door.
 12769 | Gauntlet | Found a transporter.
 12770 | Gauntlet | Found a large runed translucent door.
 12771 | Gauntlet | Found a large runed translucent door.
 12771 | Gauntlet | Found a large runed translucent door.
 12837 | Gauntlet | Found a large runed translucent door.
 12838 | Gauntlet | Found a large runed translucent door.
 12839 | Gauntlet | Found a large runed translucent door.
 12839 | Gauntlet | Found a large runed translucent door.
 13021 | Gauntlet | Reached skill level 13 in Unarmed Combat
 13021 | Gauntlet | Reached skill level 5 in Evocations
 13037 | Gauntlet | Got Ylajov's Grimoire of Direction
 13089 | Gauntlet | Identified the +7 rapier of Anger {protect, Int+3}
 13155 | Gauntlet | Identified the +9 morningstar of a volcano {freeze, +Blink
                  | Will+ Str+3 Int-4}
 13155 | Gauntlet | Noticed a minotaur
 13166 | Gauntlet | Killed a minotaur
 13185 | Gauntlet | Identified the dragon-blood talisman of Hanuen {rF+ Str+2
                  | Int+2}
 13185 | Gauntlet | Identified the +1 robe of Yckuitt {rCorr Int+5 Dex-2 SInv}
 13186 | Gauntlet | Got the Almanac of Evil Secrets
 13369 | Lair:3   | Reached ****** piety under Hepliaklqana
 13537 | Lair:3   | Reached XP level 14. HP: 119/122 MP: 17/17
 13639 | Lair:3   | Found a staircase to the Snake Pit.
 14090 | Lair:4   | Noticed Snorg
 14100 | Lair:4   | Killed Snorg
 14140 | Lair:4   | Noticed Sonja
 14145 | Lair:4   | Killed Sonja
 14405 | Lair:4   | Reached skill level 14 in Unarmed Combat
 14519 | Lair:4   | You fall into a shaft and drop 1 floor!
 14519 | Lair:5   | Entered Level 5 of the Lair of Beasts
 14706 | Lair:5   | Reached skill level 15 in Unarmed Combat
 14758 | Lair:5   | Found a staircase to the Slime Pits.
 15264 | Lair:4   | Noticed Rotan's ghost (journeyman NaHs)
 15276 | Lair:4   | Found a runed translucent gate.
 15276 | Lair:4   | Found a runed translucent gate.
 15278 | Lair:4   | Found a runed translucent gate.
 15557 | Lair:4   | Killed Rotan's ghost
 15612 | Lair:5   | Found a shimmering altar of Xom.
 16006 | Lair:5   | Reached skill level 10 in Shields
 16334 | Lair:5   | Reached XP level 15. HP: 81/128 MP: 11/18
 16737 | D:12     | Found a basalt altar of Yredelemnul.
 17402 | Orc:1    | Entered Level 1 of the Orcish Mines
 17645 | Orc:1    | Reached skill level 16 in Unarmed Combat
 17727 | Orc:2    | Entered Level 2 of the Orcish Mines
 17727 | Orc:2    | Found Ygivoir's Assorted Antiques.
 17772 | Orc:2    | Noticed Blork the orc
 17870 | Orc:2    | Found Mofar's Book Boutique.
 17876 | Orc:2    | Paralysed by an orc sorcerer for 5 turns
 17886 | Orc:2    | Found a staircase to the Elven Halls.
 17952 | Orc:2    | Found Sithuc's Book Shoppe.
 18090 | Orc:2    | Killed Blork the orc
 18094 | Orc:2    | Found Bizuit's Book Shop.
 18318 | Orc:2    | Found Jimnuat's Magic Scroll Boutique.
 18388 | Orc:2    | Incinerated by a smoke demon

Illustrated notes

Levels and vault maps discovered:
D:1:      lemuel_arrival_hallway, layout_loops_cross, serial_bayou_ford_a,
          corexii_item_surrounded_by_moat
D:2:      layout_basic, nicolae_ecumenical_pavilion, supply_closet_lemuel
D:3:      layout_basic, led_xom_imps, nicolae_overflow_crystal_walls,
          serial_shops, nicolae_diamond_shop
D:4:      layout_gridville, minmay_temple_entry_junction
D:5:      layout_layer_cave, nicolae_stop_n_shop_2, grunt_ministairs_9,
          serial_bayou_lagoon_b, uniq_grinder
D:6:      layout_loops_corners, nicolae_ashenzari_skybound,
          amcnicky_altar_gilded, mainiacjoe_sewer_entry_somewhere_in_here_2,
          uniq_duvessa
D:7:      layout_basic, mainiacjoe_overflow_surrounded_room,
          mainiacjoe_overflow_24_doors, minmay_gold_behind_fungi, wad_mini_maze,
          uniq_maurice
D:8:      minmay_separated_statues, layout_rooms, mainiacjoe_overflow_boulevard,
          serial_shops, shop, gammafunk_ghost_grave, fungi_pond_lemuel,
          grunt_decor_fettered, amcnicky_mini_rare_corridor_liquid
D:9:      layout_big_octagon, nzn_overflow_gifts_of_might_and_magic,
          vehumet_crystals, enter_bailey_6, uniq_erolcha
D:10:     minmay_coctagon, layout_rooms, nicolae_ru_the_path_less_chosen,
          lemuel_mausoleum_altar_kikubaaqudgha, yredelemnul_altar_generic,
          serial_shops, nicolae_shop_stone, uniq_lodul, uniq_urug
D:11:     layout_loops_ring, david_orc_1_choice, special_room [special_room_bee]
D:12:     layout_rooms, roadster_capsule_ark_zombie
Lair:1:   layout_cave_shapes, uniq_joseph
Lair:2:   layout_loops_ring, nicolae_shoals_entry_roost, beast_lair_carwin_7
Lair:3:   layout_cave_pods, guppyfry_snake_entry_garden, gauntlet_entry_generic,
          guppyfry_lair_drakes
Lair:4:   layout_roguey, gammafunk_ghost_split, lemuel_another_geyser,
          uniq_sonja, uniq_snorg
Lair:5:   hangedman_lair_tendril_chambers, layout_regular_city,
          guppyfry_lair_end_dragon, slime_entry_1, basic_altar, worms_lemuel,
          lemuel_fruit_tree
Orc:1:    layout_caves, basic_altar
Orc:2:    grunt_orc_cross, layout_caves, serial_shops, shop,
          nicolae_shop_tiny_real_fake_doors, nicolae_book_shop_shelving,
          nicolae_shop_real_fake_doors, nicolae_shop_tiny_glass, mines1_david

Skill      XL: |  1  2  3  4  5  6  7  8  9 10 11 12 13 14 15 |
---------------+----------------------------------------------+-----
Fighting       | 3 4 5 7 8 |  8.7
Unarmed Combat | 3 4 5 7 8 10 12 13 15 16 | 16.0
Stealth        | 2 |  2.0
Throwing       | 2 5 8 |  8.0
Shields        | 5 8 9 10 | 10.8
Shapeshifting  | 4 6 |  6.0
Evocations     | 2 3 5 6 |  6.0
Armour         | 2 3 6 7 8 |  8.3
Invocations    | 3 6 |  6.0
Dodging        | |  2.4

Action                     |  1- 3 |  4- 6 |  7- 9 | 10-12 | 13-15 || total
---------------------------+-------+-------+-------+-------+-------++-------
  Melee: Unarmed           |   110 |   109 |   200 |   588 |   978 ||  1985
  Throw: Dart              |       |     1 |     1 |    16 |     7 ||    25
         Boomerang         |       |       |     7 |    90 |     4 ||   101
         Throwing net      |       |       |       |     1 |       ||     1
         Javelin           |       |       |       |       |     4 ||     4
 Invoke: Ancestor Identity |       |     1 |       |       |       ||     1
         Ancestor Life: He |       |     1 |       |       |       ||     1
         Recall Ancestor   |       |       |       |       |     2 ||     2
         Idealise          |       |       |       |       |     1 ||     1
         Transference      |       |       |       |       |     1 ||     1
  Evoke: Wand              |       |       |     1 |    12 |     4 ||    17
    Use: Scroll            |       |       |    12 |    16 |    16 ||    44
         Potion            |       |       |       |     5 |     1 ||     6
   Stab: Sleeping          |       |     2 |     4 |     3 |       ||     9
         Confused          |       |     2 |     8 |    15 |    21 ||    46
         Distracted        |       |       |     3 |     6 |    20 ||    29
         Paralysed         |       |       |       |       |    23 ||    23
 Armour: Robe              |    53 |    61 |    73 |   209 |       ||   396
         Ice dragon scales |       |       |       |   310 |   707 ||  1017
  Dodge: Dodged            |    35 |    36 |    51 |   207 |   220 ||   549
  Block: Kite shield       |    33 |    43 |    67 |   406 |   572 ||  1121
   Form: Beast             |       |       |     1 |     1 |     1 ||     3
                           |       |       |       |     2 |     1 ||     3

Table legend: (Time is in decaauts)
 A = Elapsed time spent in this place.
 B = Non-inter-level travel time spent in this place.
 C = Inter-level travel time spent in this place.
 D = Time resting spent in this place.
 E = Time spent auto-exploring this place.
 F = Levels seen in this place.
 G = Mean time per level.
                   A        B        C        D        E       F      G
               +--------+--------+--------+--------+--------+-----+--------+
         Total |  18122 |  17331 |    791 |    332 |  11800 |  22 |  823.7 |
       Dungeon |  10320 |   9749 |    571 |     93 |   7182 |  12 |  860.0 |
          Lair |   5244 |   5025 |    219 |      0 |   3686 |   5 | 1048.8 |
  Orcish Mines |    939 |    939 |      0 |    123 |    467 |   2 |  469.5 |
         Sewer |    281 |    281 |      0 |     22 |    109 |   1 |  281.0 |
        Bailey |    692 |    692 |      0 |     94 |    283 |   1 |  692.0 |
      Gauntlet |    642 |    642 |      0 |      0 |     73 |   1 |  642.0 |
               +--------+--------+--------+--------+--------+-----+--------+

Top non-repeatable levels by time:
  Lair:5: 1529 daAuts
     D:5: 1067 daAuts
     D:4: 1057 daAuts
  Lair:3: 1049 daAuts
     D:6: 1025 daAuts
     D:7: 961 daAuts
  Lair:4: 946 daAuts
    D:11: 933 daAuts
    D:10: 895 daAuts
  Lair:2: 883 daAuts
  Lair:1: 836 daAuts
     D:8: 832 daAuts
     D:9: 819 daAuts
     D:3: 729 daAuts
     D:2: 717 daAuts
